 Dungeon Crawl Stone Soup version 0.11.3 (webtiles) character file.

1628 Swamperka the Sneak (level 8, -2/37 HPs)
             Began as a Spriggan Stalker on July 27, 2017.
             Slain by a goliath beetle (10 damage)
             ... on Level 6 of the Dungeon.
             The game lasted 00:32:59 (7507 turns).

Swamperka the Sneak (Spriggan Stalker)              Turns: 7507, Time: 00:33:00

HP  -2/37        AC  4     Str  7      XL: 8   Next: 43%
MP  22/22        EV 18     Int 14      God:
Gold 326         SH  0     Dex 18      Spells:  2 memorised, 13 levels left

Res.Fire  : . . .   See Invis. : +   a - +2,+3 dagger {=f}
Res.Cold  : . . .   Warding    : .   b - +1 robe
Life Prot.: + . .   Conserve   : .   (shield restricted)
Res.Poison: .       Res.Corr.  : +   (helmet restricted)
Res.Elec. : .       Clarity    : .   c - +0 cloak
Sust.Abil.: . .     Spirit.Shd : .   (gloves unavailable)
Res.Mut.  : .       Stasis     : .   (boots unavailable)
Res.Rott. : .       Ctrl.Telep.: .   G - amulet of resist corrosion {unknown}
Saprovore : . . .   Levitation : .   C - ring of life protection {unknown} Ctrl.Flight: .
                                     x - ring of protection from magic

@: very quick, very resistant to hostile enchantments, very stealthy
A: unfitting armour, see invisible, herbivore 3, speed 3, slow metabolism 2
a: no special abilities


You were on level 6 of the Dungeon.
You were not hungry.

You visited 1 branch of the dungeon, and saw 6 of its levels.

You collected 306 gold pieces.

Inventory:

Hand weapons
 a - a +2,+3 dagger (weapon) {=f}
Armour
 b - a +1 robe (worn)
 c - a +0 cloak (worn)
Magical devices
 t - a wand of frost (14)
 y - a wand of polymorph other (8) {unknown}
 B - a wand of teleportation (2)
 D - a wand of digging (21) {unknown}
Comestibles
 j - 2 apples
 k - a banana
 o - a slice of pizza
 u - 8 sultanas
 A - 2 bread rations
Scrolls
 i - 2 scrolls of magic mapping
 l - 3 scrolls of teleportation
 n - a scroll of amnesia
 v - a scroll of enchant weapon II
 z - a scroll of random uselessness
 E - a scroll of blinking
Jewellery
 x - a ring of protection from magic (left hand)
 C - a ring of life protection (right hand) {unknown}
 G - an amulet of resist corrosion (around neck) {unknown}
Potions
 e - 2 potions of confusion
 f - a potion of porridge
 g - 4 potions of curing
 h - a potion of poison
 m - a potion of might
 p - 4 potions of heal wounds
 q - a potion of invisibility
 r - 9 potions of water
 s - a potion of restore abilities
 w - 2 potions of brilliance {unknown}
 F - a potion of speed {unknown}
Books
 d - a book of Stalking

   Spells                             Type                      Level
   *Fulsome Distillation              Transmutation/Necromancy     1
   *Evaporate                         Fire/Transmutation           2
   Passwall                           Transmutation/Earth          3
   Petrify                            Transmutation/Earth          4
   Dig                                Transmutation/Earth          4


   Skills:
 - Level 0.8 Fighting
 + Level 4.7 Short Blades
 - Level 3.0 Dodging
 + Level 7.7 Stealth
 + Level 7.2 Stabbing
 + Level 4.6 Spellcasting
 + Level 5.9 Transmutations


You had 13 spell levels left.
You knew the following spells:

 Your Spells              Type           Power        Failure   Level  Hunger
a - Fulsome Distillation  Trmt/Necr      N/A          6%          1    None
b - Evaporate             Fire/Trmt      ###....      10%         2    ##.....


Dungeon Overview and Level Annotations

Branches:
Dungeon (6/27)
 Temple: D:4-7          Orc: D:6-11

Altars:
the Shining One

Shops:
D:5: %

Annotations
D:4 Fv001's ghost, average DsFi


Innate Abilities, Weirdness & Mutations

You are tiny and cannot use many weapons and most armour.
You have supernaturally acute eyesight.
You are a herbivore.
You cover ground extremely quickly.
You need consume almost no food.


Message History

You hit the goliath beetle but do no damage.
The goliath beetle is severely wounded.
The goliath beetle bites you!
Ouch! That really hurt!
* * * LOW HITPOINT WARNING * * *
You hit the goliath beetle but do no damage.
The goliath beetle is severely wounded.
You hit the goliath beetle but do no damage.
The goliath beetle is severely wounded.
You hit the goliath beetle but do no damage.
The goliath beetle is severely wounded.
The goliath beetle misses you.
You hit the goliath beetle but do no damage.
The goliath beetle is severely wounded.
You hit the goliath beetle but do no damage.
The goliath beetle is severely wounded.
You hit the goliath beetle.
The goliath beetle is severely wounded.
The goliath beetle bites you!
You die...

#.# #.# #.# #.# # ..#
##.######.####.# # ..#
#..............# ##
..########.################## #.
...........###...###........####.
.#########.##.....##...#......##.
.# #.#......%#...##.....##. .#
#.#.......'...##......#. .#
#.#....@..#...####......
.#########.##).B.%##...# #######.
........##.###...###...###(..###.
.######.##.####### #...##[....##.
.# #.##......####...#......)#. .#
#.##.#......##...'.......#. .#
#^##.##.....##...#......(#. .#
#.##.##......#...##....(##. .#
#(##.####........###..(## .


You could see a goliath beetle.

Vanquished Creatures
  Eustachio (D:4)
  3 ogres
  A phantom (D:6)
  3 giant frogs (D:6)
  Blork the orc (D:4)
  A killer bee (D:6)
  2 crimson imps (D:6)
  A worker ant (D:4)
  A quasit (D:6)
  4 hounds
  A jelly (D:6)
  6 gnolls (D:3)
  2 adders
  A green rat (D:3)
  An inept item mimic (D:6)
  3 giant mites
  An iguana skeleton (D:6)
  3 worms (D:3)
  2 grey rats (D:3)
  A bat skeleton (D:4)
  2 bat zombies
  5 giant geckos
  5 orcs (D:3)
  2 ball pythons
  12 bats
  7 giant cockroaches
  13 hobgoblins
  6 jackals
  3 quokkas
  6 giant newts
  12 goblins
  12 kobolds
  A quokka skeleton (D:4)
  10 rats
  4 toadstools (D:3)
139 creatures vanquished.

Vanquished Creatures (others)
  A goblin (D:3)
  A kobold (D:6)
  7 toadstools
9 creatures vanquished.

Grand Total: 148 creatures vanquished

Notes
Turn   | Place    | Note
--------------------------------------------------------------
     0 | D:1      | Swamperka, the Spriggan Stalker, began the quest for the Orb.
     0 | D:1      | Reached XP level 1. HP: 10/10 MP: 2/2
   217 | D:1      | Reached skill level 4 in Stabbing
   217 | D:1      | Reached XP level 2. HP: 14/14 MP: 4/4
   221 | D:1      | Learned a level 2 spell: Evaporate
   627 | D:1      | Reached XP level 3. HP: 11/18 MP: 7/7
  1036 | D:2      | Learned a level 2 spell: Evaporate
  2408 | D:3      | Reached XP level 4. HP: 20/22 MP: 9/9
  2710 | D:3      | HP: 1/22 [gnoll (4)]
  3047 | D:3      | Found a glowing drain.
  3336 | D:3      | Reached XP level 5. HP: 19/25 MP: 9/12
  3402 | D:3      | Reached skill level 5 in Stabbing
  3673 | D:4      | Noticed Eustachio
  3688 | D:4      | Noticed an ogre
  3699 | D:4      | Killed an ogre
  3699 | D:4      | Reached skill level 5 in Stealth
  3699 | D:4      | Reached XP level 6. HP: 22/30 MP: 11/15
  3728 | D:4      | Killed Eustachio
  3809 | D:4      | Noticed Fv001's ghost (average DsFi)
  4210 | D:3      | Reached skill level 6 in Stealth
  4469 | D:4      | Reached XP level 7. HP: 3/33 MP: 13/18
  4473 | D:4      | HP: 1/33 [poisoned by an adder]
  5153 | D:4      | Noticed Blork the orc
  5161 | D:4      | Killed Blork the orc
  5328 | D:4      | Reached skill level 5 in Transmutations
  5470 | D:5      | Entered Level 5 of the Dungeon
  5686 | D:5      | Found Tagaxena's Food Emporium.
  6102 | D:5      | Found a glowing golden altar of the Shining One.
  7042 | D:6      | Reached skill level 7 in Stealth
  7042 | D:6      | Reached XP level 8. HP: 21/37 MP: 17/21
  7507 | D:6      | Slain by a goliath beetle
